 Dungeon Crawl Stone Soup version 0.29-a0-598-gd8304a5bf4 (webtiles) character file.

Game seed: 1142131380189195054

1173 happo123 the Ruffian (level 8, -3/74 HPs)
             Began as a Troll Transmuter on June 16, 2022.
             Was a Follower of Okawaru.
             Slain by a yak (15 damage)
             ... on level 6 of the Dungeon.
             The game lasted 00:14:56 (3690 turns).

happo123 the Ruffian (Troll Transmuter)             Turns: 3690, Time: 00:14:56

Health: -3/74      AC:  4    Str: 19    XL:     8   Next: 18%
Magic:  7/10       EV: 10    Int: 11    God:    Okawaru [*.....]
Gold:   309        SH:  0    Dex: 10    Spells: 8/11 levels left

rFire   . . .      SeeInvis .     - Unarmed
rCold   . . .      Faith    .   (no shield)
rNeg    . . .      Spirit   .   a - +0 robe
rPois   .          Reflect  .   (helmet restricted)
rElec   .          Harm     .   (no cloak)
rCorr   .          Rampage  .   (gloves unavailable)
Will    .....                   (boots unavailable)
Stlth   +.........              (no amulet)
HPRegen 1.02/turn               y - +4 ring of slaying
MPRegen 0.12/turn               (no ring)

@: wereblooded
A: large, unfitting armour, claws 3, regeneration 1, shaggy fur 1, tough skin 1
a: Renounce Religion, Heroism


You were on level 6 of the Dungeon.
You worshipped Okawaru.
Okawaru was aware of your devotion.
You visited 1 branch of the dungeon, and saw 6 of its levels.

You collected 309 gold pieces.

Inventory:

Missiles
 u - 2 throwing nets
Armour
 a - a +0 robe (worn)
Jewellery
 y - a +4 ring of slaying (left claw)
Wands
 w - a wand of paralysis (8)
Scrolls
 d - 2 scrolls of enchant armour {unknown}
 f - a scroll of identify {unknown}
 g - a scroll of vulnerability {unknown}
 k - 4 scrolls of teleportation {unknown}
 l - 5 scrolls of immolation {unknown}
 m - a scroll of magic mapping {unknown}
 o - 3 scrolls of brand weapon {unknown}
 p - a scroll of silence {unknown}
 r - 2 scrolls of poison {unknown}
 t - a scroll of fear {unknown}
 x - a scroll of blinking {unknown}
Potions
 b - a potion of lignification
 c - 9 potions of curing {unknown}
 e - a potion of ambrosia {unknown}
 h - a potion of might {unknown}
 i - a potion of haste {unknown}
 j - a potion of berserk rage {unknown}
 n - a potion of mutation {unknown}
 q - a potion of flight {unknown}
 s - a potion of resistance {unknown}
 v - a potion of invisibility {unknown}


   Skills:
 + Level 2.7 Fighting
 + Level 3.1 Dodging
 * Level 5.7 Unarmed Combat
 + Level 2.4 Spellcasting
 * Level 3.9 Transmutations
 + Level 2.3 Ice Magic


You had 8 spell levels left.
You knew the following spells:

 Your Spells              Type           Power      Damage    Failure   Level
a - Beastly Appendage     Tmut           18%        N/A       5%          1
b - Wereblood             Tmut           9%         N/A       9%          2

Your spell library contained the following spells:

 Spells                   Type           Power      Damage    Failure   Level
 Passwall                 Tmut/Erth      4%         N/A       19%         2
 Sandblast                Erth           2%         2d4       28%         1
 Spider Form              Tmut/Pois      5%         N/A       36%         3
 Static Discharge         Conj/Air       1%         N/A       38%         2
 Ice Form                 Ice/Tmut       8%         N/A       61%         4
 Portal Projectile        Hex/Tloc       2%         N/A       63%         3
 Stone Arrow              Conj/Erth      2%         3d7       63%         3
 Leda's Liquefaction      Hex/Erth       0%         N/A       95%         4
 Lightning Bolt           Conj/Air       0%         1d11      100%        5
 Lehudib's Crystal Spear  Conj/Erth      0%         10d2      100%        8
 Maxwell's Capacitive Co  Air            0%         ∞         100%        8
 Call Canine Familiar     Summ           Unusable   N/A       N/A         3
 Animate Armour           Summ/Erth      Unusable   N/A       N/A         4

Dungeon Overview and Level Annotations

Branches:
Dungeon (6/15)
 Temple: D:4-7

Altars:
Dithmenos
Fedhas
Kikubaaqudgha
Okawaru
Ru
Wu Jian

Shops:
D:3 (

Annotations:
D:4 2 transporters, hgbash's ghost, amateur GrEE
D:6 1 transporter


Innate Abilities, Weirdness & Mutations

You are too large for most types of armour.
You have claws for hands.
Your natural rate of healing is unusually fast.
You are covered in fur. (AC +1)
You have tough skin. (AC +1)


Message History

Casting: Beastly Appendage (safe; 7% risk of failure)
Press: ? - help, Q - select action, (/) - cycle Dir - look around, f - activate
Okay, then.
Casting: Beastly Appendage (safe; 7% risk of failure)
Confirm with . or Enter, or press ? or * to list all spells.
Your blood is infused with primal strength.
The yak gores you!
You scratch the yak. Your kick misses the yak.
The yak is heavily wounded.
The yak gores you.
* * * LOW HITPOINT WARNING * * *
You claw the yak! You claw the yak.
You feel a bit better.
You kill the yak!
Okawaru accepts your kill.
You can now gain great but temporary skills.
Your horns disappear.
Your talons disappear.
Your Dodging skill increases to level 3!
You have reached level 8!
You claw the yak!
The yak is moderately wounded.
The yak gores you.
* * * LOW HITPOINT WARNING * * *
You closely miss the yak.
The yak is moderately wounded.
The yak gores you!
* * * LOW HITPOINT WARNING * * *
You claw the yak! You claw the yak.
The yak is severely wounded.
The yak barely misses you.
You claw the yak!
You feel a bit better.
You kill the yak!
Okawaru accepts your kill.
You mangle the yak!!
The yak is heavily wounded.
The yak gores you!
* * * LOW HITPOINT WARNING * * *
You barely miss the yak.
The yak is heavily wounded.
The yak gores you!
You die...

..#.⌠.#.⌠.#.'.<..#○..°.#
.#.#.#.#.#..'.##.#.....#
#.⌠.#.⌠.#.⌠.#....#$$...+
.#.#.#.#.#.###..©#©?..○+
⌠.#.⌠.#...## #...#/$...+
.#.#.###### #.#.#.....#
###### #.#.#°..○.#
#...#(....# ###@# #####
Y #Y### .Y #Y[.#####
###.# #.#....Y##§...#
#.#####......# #.#
#....#.# #.# ..§.####
#....#### ####


You could see 2 yaks.

Vanquished Creatures
  3 yaks (D:6)
  A steam dragon (D:6)
  2 scorpions (D:5)
  A vampire bat (D:6)
  A jelly (D:5)
  4 hounds
  An orc priest (D:4)
  An iguana (D:6)
  An orc wizard (D:4)
  Robin (D:3)
  A gnoll (D:5)
  11 adders
  A white imp (D:6)
  2 ufetubi (D:5)
  4 worms
  6 orcs
  4 ball pythons
  7 bats
  2 bat skeletons (D:6)
  2 bat zombies (D:6)
  5 endoplasms
  A giant cockroach (D:1)
  8 goblins
  7 hobgoblins
  6 quokkas
  2 frilled lizards
  5 kobolds
  5 rats
95 creatures vanquished.

Notes
Turn   | Place    | Note
-------+----------+-------------------------------------------
     0 | D:1      | happo123 the Troll Transmuter began the quest for the Orb.
     0 | D:1      | Reached XP level 1. HP: 18/18 MP: 1/1
   133 | D:1      | Reached XP level 2. HP: 26/26 MP: 2/2
   225 | D:1      | Reached skill level 1 in Fighting
   455 | D:2      | Found a faded altar of an unknown god.
   511 | D:2      | Reached XP level 3. HP: 33/33 MP: 4/4
   514 | D:2      | Learned a level 2 spell: Wereblood
   654 | D:2      | Reached XP level 4. HP: 40/41 MP: 3/5
  1155 | D:3      | Noticed Robin
  1164 | D:3      | Killed Robin
  1273 | D:3      | Reached skill level 1 in Ice Magic
  1305 | D:3      | Reached XP level 5. HP: 48/48 MP: 6/6
  1584 | D:3      | Found a sacrificial altar of Ru.
  1681 | D:3      | Found Zozxecze's Weapon Boutique.
  2071 | D:4      | Reached skill level 4 in Unarmed Combat
  2092 | D:4      | Found a blossoming altar of Fedhas.
  2161 | D:4      | Found a transporter.
  2162 | D:4      | Noticed hgbash's ghost (amateur GrEE)
  2194 | D:4      | Reached XP level 6. HP: 55/57 MP: 5/7
  2689 | D:4      | Found a transporter.
  2741 | D:5      | Entered Level 5 of the Dungeon
  2812 | D:5      | Found an iron altar of Okawaru.
  3215 | D:5      | Found an ornate altar of the Wu Jian Council.
  3460 | D:5      | Found a shadowy altar of Dithmenos.
  3509 | D:5      | Became a worshipper of Warmaster Okawaru
  3529 | D:6      | Reached XP level 7. HP: 65/65 MP: 7/9
  3575 | D:6      | Found a transporter.
  3603 | D:6      | Found an ancient bone altar of Kikubaaqudgha.
  3649 | D:6      | Noticed a yak
  3649 | D:6      | Noticed a yak
  3649 | D:6      | Noticed a yak
  3649 | D:6      | Noticed a steam dragon
  3650 | D:6      | Noticed a yak
  3662 | D:6      | Killed a steam dragon
  3662 | D:6      | Noticed a yak
  3663 | D:6      | Reached skill level 5 in Unarmed Combat
  3679 | D:6      | Killed a yak
  3680 | D:6      | Noticed a yak
  3684 | D:6      | Killed a yak
  3684 | D:6      | Reached * piety under Okawaru
  3685 | D:6      | Reached XP level 8. HP: 23/74 MP: 6/10
  3690 | D:6      | Slain by a yak

Illustrated notes

Levels and vault maps discovered:
D:1:      lemuel_arrival_muddy, layout_rooms, chequers_serial_rivers_small_b,
          serial_bayou_ford_a
D:2:      layout_basic, hellmonk_ecumenical_altar_zigzags, feat_on_display
D:3:      layout_loops_corners, general_overflow_altar, serial_shops,
          nicolae_shop_bloodbath_and_beyond, uniq_robin
D:4:      layout_loops_ring, fedhas_ov_isle_minmay, gammafunk_ghost_smash
D:5:      layout_loops_ring, lemuel_coloured_pillars_altar, okawaru_trees_2,
          mainiacjoe_overflow_alcove_4, minmay_misc_feat_plants,
          minmay_starry_boxes
D:6:      gammafunk_cloud_chamber, layout_rooms, makhleb_blood_cavern_becter,
          kennysheep_vampire_church

Skill      XL: |  1  2  3  4  5  6  7 |
---------------+----------------------+-----
Fighting       | 1 2 |  2.7
Transmutations | 2 3 |  3.9
Dodging        | 2 3 |  3.1
Ice Magic      | 1 2 |  2.3
Unarmed Combat | 4 5 |  5.7
Spellcasting   | 2 |  2.4

Action                   |  1- 3 |  4- 6 |  7- 9 || total
-------------------------+-------+-------+-------++-------
Melee: Unarmed           |    67 |   173 |    33 ||   273
       Headbutt          |     1 |    12 |     4 ||    17
       Kick              |       |    21 |     5 ||    26
       Punch             |       |     8 |     1 ||     9
 Cast: Beastly Appendage |     2 |    15 |     3 ||    20
       Wereblood         |       |     5 |     3 ||     8
Armor: Robe              |    24 |    54 |    14 ||    92
Dodge: Dodged            |    45 |    87 |    19 ||   151

Table legend: (Time is in decaauts)
 A = Elapsed time spent in this place.
 B = Non-inter-level travel time spent in this place.
 C = Inter-level travel time spent in this place.
 D = Time resting spent in this place.
 E = Time spent auto-exploring this place.
 F = Levels seen in this place.
 G = Mean time per level.
                   A        B        C        D        E       F      G
               +--------+--------+--------+--------+--------+-----+--------+
         Total |   3678 |   3029 |    649 |      0 |   2265 |   6 |  613.0 |
       Dungeon |   3678 |   3029 |    649 |      0 |   2265 |   6 |  613.0 |
               +--------+--------+--------+--------+--------+-----+--------+

Top non-repeatable levels by time:
     D:3: 1010 daAuts
     D:5: 775 daAuts
     D:4: 688 daAuts
     D:2: 613 daAuts
     D:1: 424 daAuts
     D:6: 166 daAuts
